 Dungeon Crawl Stone Soup version 0.31-a0-16-g6d2539766c (webtiles) character file.

Game seed: 3600138923852287747

144 IdlyInterested the Trooper (level 5, 0/43 HPs)
             Began as a Demonspawn Wanderer on May 8, 2023.
             Slain by Dittersdorf's ghost (9 damage)
             ... on level 3 of the Dungeon.
             The game lasted 00:08:37 (3025 turns).

IdlyInterested the Trooper (Demonspawn Wanderer)    Turns: 3025, Time: 00:08:37

Health: 0/43       AC:  5    Str: 15    XL:     5   Next: 5%
Magic:  5/5        EV: 11    Int: 10    God:
Gold:   76         SH:  4    Dex: 15    Spells: 4/4 levels left

rFire   . . .        p - +0 broad axe
rCold   . . .        d - +0 buckler
rNeg    . . .        f - +0 leather armour
rPois   .            v - +0 helmet
rElec   .            h - +0 cloak
rCorr   .            (no gloves)
SInv    .            (no boots)
Will    ++...        (no amulet)
Stlth   +            B - ring of willpower
HPRegen 0.27/turn    x - ring of willpower
MPRegen 0.09/turn

%: no passive effects
@: no status effects
A: ignite blood 1, powered by death 1
a: no special abilities


You were on level 3 of the Dungeon.
You visited 1 branch of the dungeon, and saw 3 of its levels.

You collected 132 gold pieces.
You spent 56 gold pieces at shops.

Inventory:

Hand Weapons
 p - a +0 broad axe (weapon)
 s - a +2 short sword of protection
 z - the +0 whip "Wealum" {spect, Int+3}
   (You found it on level 2 of the Dungeon)

   Int:       It affects your intelligence (+3).
Missiles
 b - a curare-tipped dart (quivered)
 g - 6 javelins
 u - 2 atropa-tipped darts
 E - 8 stones
 H - 2 poisoned darts
Armour
 d - a +0 buckler (worn)
 f - a +0 leather armour (worn)
 h - a +0 cloak (worn)
 j - a +0 cloak
 v - a +0 helmet (worn)
Jewellery
 w - a ring of positive energy
 x - a ring of willpower (right hand)
 B - a ring of willpower (left hand)
Wands
 q - a wand of iceblast (23)
Scrolls
 m - 2 scrolls of teleportation {unknown}
 o - a scroll of fog {unknown}
 t - a scroll of identify {unknown}
 A - 2 scrolls of butterflies
 F - a scroll of blinking {unknown}
Potions
 e - a potion of berserk rage
 i - a potion of curing
 k - a potion of cancellation
 l - a potion of heal wounds
 n - a potion of lignification {unknown}
 r - a potion of invisibility
 C - a potion of brilliance
 D - a potion of mutation {unknown}


   Skills:
 * Level 4.9 Fighting
 * Level 0.1(0.4) Axes
 - Level 1.0 Polearms
 - Level 3.0 Throwing
 - Level 1.0 Armour
 - Level 1.0 Dodging
 - Level 1.0 Stealth
 - Level 1.0 Shields
 - Level 1.0 Evocations


You had 4 spell levels left.
You didn't know any spells.
Your spell library was empty.

Dungeon Overview and Level Annotations

Branches:
Dungeon (3/15)

Altars:

Shops:
D:2 !

Annotations:
D:3 Dittersdorf's ghost, amateur GrFi


Innate Abilities, Weirdness & Mutations

Your demonic aura sometimes causes spilled blood to erupt in flames.
You regenerate a little health from kills.


Message History

E - 8 stones (gained 7)
You now have 62 gold pieces (gained 10).
m - 2 scrolls labelled NUAGIEGAPI (gained 1)
You now have 76 gold pieces (gained 14).
Done exploring.
Done exploring.
You drop a +2 dagger.
You drop a +0 spear.
You drop a +0 robe.
You drop a +0 leather armour.
There is an open door here.
There is an open door here.
You see here a +0 quarterstaff.
There is an open door here.
Dittersdorf's ghost turns its malevolent gaze towards you.
You open the door. You barely miss Dittersdorf's ghost.
Dittersdorf's ghost misses you. Dittersdorf's ghost barely misses you.
You hit Dittersdorf's ghost but do no damage.
Dittersdorf's ghost misses you.
You hit Dittersdorf's ghost but do no damage.
Dittersdorf's ghost hits you. x2
You slash Dittersdorf's ghost!
Dittersdorf's ghost is moderately damaged.
Dittersdorf's ghost closely misses you.
You barely miss Dittersdorf's ghost.
Dittersdorf's ghost is moderately damaged.
Dittersdorf's ghost hits you! Dittersdorf's ghost barely misses you.
You barely miss Dittersdorf's ghost.
Dittersdorf's ghost is moderately damaged.
Dittersdorf's ghost hits you.
Dittersdorf's ghost hits you but does no damage.
You barely miss Dittersdorf's ghost.
Dittersdorf's ghost is moderately damaged.
Dittersdorf's ghost hits you!
* * * LOW HITPOINT WARNING * * *
You barely miss Dittersdorf's ghost.
Dittersdorf's ghost is moderately damaged.
Dittersdorf's ghost hits you!
You die...

#.................#
#......
#............#...##
#......
#............#...#
#######
#............#...#
#####........#...#
#########
###....###...##
#.......# #.#######...#
#.......# #.#.....#...#
#.......# #.#[~~~~W@..#
#.......#
#.#.....#...####.......#
#########.....^........#
#....................#
#....................###
##########........####..
#........# #..
#........# #..
#........# #..


You could see Dittersdorf's ghost.

Vanquished Creatures
  A sleepcap (D:3)
  Natasha (thrice) (D:2)
  2 adders (D:2)
  7 ball pythons
  2 endoplasms (D:3)
  A giant cockroach (D:1)
  5 hobgoblins
  2 kobolds
  4 bats
  A goblin (D:3)
28 creatures vanquished.

Notes
Turn   | Place    | Note
-------+----------+-------------------------------------------
     0 | D:1      | IdlyInterested the Demonspawn Wanderer began the quest for
                  | the Orb.
     0 | D:1      | IdlyInterested set off with the following items: a +2
                  | dagger, a curare-tipped dart, a +0 spear, a +0 buckler, a
                  | potion of berserk rage, a +0 leather armour.
     0 | D:1      | Reached XP level 1. HP: 16/16 MP: 1/1
   317 | D:1      | Gained mutation: You regenerate a little health from kills.
                  | [demonic ancestry]
   317 | D:1      | Reached XP level 2. HP: 22/23 MP: 2/2
  1085 | D:2      | Found Syedduiph's Distillery.
  1148 | D:2      | Reached skill level 1 in Dodging
  1230 | D:2      | Reached skill level 3 in Fighting
  1409 | D:2      | Reached XP level 3. HP: 29/29 MP: 3/3
  1548 | D:2      | Noticed Natasha
  1563 | D:2      | Killed Natasha
  1635 | D:2      | Identified the +0 whip "Wealum" {spect, Int+3}
  1937 | D:2      | Noticed Natasha
  1952 | D:2      | Killed Natasha
  1953 | D:2      | Reached skill level 4 in Fighting
  1953 | D:2      | Reached XP level 4. HP: 29/37 MP: 4/4
  2188 | D:2      | Noticed Natasha
  2198 | D:2      | Killed Natasha
  2236 | D:2      | Bought a potion of brilliance for 56 gold pieces
  2335 | D:3      | Gained mutation: Your demonic aura sometimes causes spilled
                  | blood to erupt in flames. [demonic ancestry]
  2335 | D:3      | Reached XP level 5. HP: 42/43 MP: 5/5
  2572 | D:3      | Found a runed translucent door.
  2587 | D:3      | Noticed Dittersdorf's ghost (amateur GrFi)
  3025 | D:3      | Slain by Dittersdorf's ghost

Illustrated notes

Levels and vault maps discovered:
D:1:      elethiomel_arrival_shortcut, layout_basic, minmay_split_cup_large
D:2:      layout_loops_cross, serial_shops, shop, uniq_natasha
D:3:      layout_basic, ebering_ghost_reflecting_pool

Skill      XL: |  1  2  3 |
---------------+----------+-----
Dodging        | 1 |  1.0
Fighting       | 3 4 |  4.9
Throwing       | 3 |  3.0
Axes           | |  0.1
Polearms       | |  1.0
Armour         | |  1.0
Stealth        | |  1.0
Shields        | |  1.0
Evocations     | |  1.0

Action                     |  1- 3 |  4- 6 || total
---------------------------+-------+-------++-------
  Melee: Dagger            |    67 |       ||    67
         Spear             |     4 |       ||     4
         Short sword       |    35 |    33 ||    68
         Broad axe         |       |    14 ||    14
    Use: Potion            |     1 |     3 ||     4
         Scroll            |       |     1 ||     1
   Stab: Sleeping          |     1 |     1 ||     2
 Armour: Leather armour    |    34 |    10 ||    44
  Dodge: Dodged            |    57 |    22 ||    79
  Block: Buckler           |    22 |     6 ||    28

Table legend: (Time is in decaauts)
 A = Elapsed time spent in this place.
 B = Non-inter-level travel time spent in this place.
 C = Inter-level travel time spent in this place.
 D = Time resting spent in this place.
 E = Time spent auto-exploring this place.
 F = Levels seen in this place.
 G = Mean time per level.
                   A        B        C        D        E       F      G
               +--------+--------+--------+--------+--------+-----+--------+
         Total |   3035 |   2308 |    727 |    164 |   1606 |   3 | 1011.7 |
       Dungeon |   3035 |   2308 |    727 |    164 |   1606 |   3 | 1011.7 |
               +--------+--------+--------+--------+--------+-----+--------+

Top non-repeatable levels by time:
     D:2: 1335 daAuts
     D:1: 1097 daAuts
     D:3: 602 daAuts
